Map: Acropolis LE

Players

Woah - Winner!

  • Race: Terran Terran
  • League: Diamond
  • Spawn Location: 11:00

AIphaStar

  • Race: Terran Terran
  • Spawn Location: 5:00

VOD

Have the link to the VOD?

Description

Time

  • Played on: June 14, 2019, 8:39 p.m.
  • Length: 3:36
Show
View Real Time Build Order
Export as new Build Order

Woah Terran - Winner!

Build Orders:  

Get SALT Encoding   

  12  0:01  SCV  
  13  0:13  SCV  
  14  0:17  Supply Depot  
  14  0:25  SCV  
  14  0:28  Refinery  
  15  0:39  SCV  
  16  0:45  Barracks  
  16  0:53  Refinery  
  16  0:55  SCV  
  17  1:07  SCV  
  18  1:22  SCV  
  19  1:35  Reaper  
  19  1:36  Factory  
  20  1:41  Orbital Command  
  20  2:07  Reaper  
  21  2:17  Command Center  
  21  2:23  Hellion  
  19  3:13  Command Center  
Show
View Real Time Build Order
Export as new Build Order

AIphaStar Terran 

Build Orders: Gas First Reaper Expand 

Get SALT Encoding   

  12  0:01  SCV  
  13  0:18  Supply Depot  
  13  0:27  Refinery  
  13  0:40  Barracks  
  13  0:44  SCV  
  14  1:01  SCV  
  15  1:17  SCV  
  16  1:42  SCV  
  16  1:44  Reaper  
  18  1:57  Command Center  
  18  2:11  Factory  
  18  2:16  SCV, Reaper  
  19  2:55  Factory Tech Lab  
Tags
 
League
Diamond
Matchup
TvT
Race
Terran
Replay Pack
r1
Spawn Locations
Cross Positions
Add a new tag
Caveats
  • Supply blocks, unpowered buildings, or Contaminate may cause inaccurate times.
  • Supply counts are checked every 10 seconds.